 Dungeon Sprint DCSS version 0.23.0 (webtiles) character file.

Game seed: 7239478067774338243

293 Infinimo the Basher (level 6, -1/66 HPs)
             Began as a Kobold Berserker on Feb 17, 2019.
             Was a Believer of Trog.
             Slain by a yak (15 damage)
             ... in the Dungeon (Sprint I: "Red Sonja").
             The game lasted 00:00:59 (521 turns).

Infinimo the Basher (Kobold Berserker)               Turns: 521, Time: 00:00:59

Health: -1/66      AC:  2    Str: 22    XL:     6   Next: 60%
Magic:  6/6        EV: 20    Int:  8    God:    Trog [**....]
Gold:   165        SH:  0    Dex: 14    Spells: 5/5 levels left

rFire    . . .     SeeInvis .   a - +0 mace
rCold    . . .     Gourm    .   (shield restricted)
rNeg     . . .     Faith    .   b - +0 animal skin
rPois    .         Spirit   .   (no helmet)
rElec    .         Reflect  .   (no cloak)
rCorr    .         Harm     .   (no gloves)
MR       .....     NoTele   +   (no boots)
Stlth    ..........             (no amulet)
HPRegen  0.21/turn              (no ring)
MPRegen  0.10/turn              (no ring)

@: berserking (expiring), very quick
A: small, carnivore
a: Berserk, Trog's Hand, Renounce Religion


You were in the Dungeon.
You worshipped Trog.
Trog was pleased with you.
You were hungry.

You visited 1 branch You collected 165 gold pieces.

Inventory:

Hand Weapons
 a - a +0 mace (weapon)
Armour
 b - a +0 animal skin (worn)
Scrolls
 i - a scroll of blinking
Potions
 d - a potion of curing
 e - a potion of heal wounds
 f - a potion of haste
 g - 2 potions of magic
 h - a potion of berserk rage


   Skills:
 + Level 7.7 Fighting
 * Level 8.8 Maces & Flails
 - Level 1.5 Armour
 + Level 8.0 Dodging


You had 5 spell levels left.
You didn't know any spells.
Your spell library was empty.

Dungeon Overview and Level Annotations

Branches:
Dungeon (1/1)

Altars:
Cheibriados
Dithmenos
Elyvilon
Fedhas
Hepliaklqana
Kikubaaqudgha
Okawaru
Qazlal
Ru
Sif Muna
Trog
Uskayaw
Vehumet
Wu Jian
Yredelemnul
Zin
The Shining One

Shops:
D %


Innate Abilities, Weirdness & Mutations

You are small and have problems with some larger weapons.
You are carnivorous and can eat meat at any time.


Message History

The yak is lightly wounded.
The yak is lightly wounded.
The yak is lightly wounded.
The yak gores you!
* * * LOW HITPOINT WARNING * * *
A red film seems to cover your vision as you go berserk!
You feel yourself moving faster!
You feel mighty!
You are feeling hungry.
The yak gores you.
* * * LOW HITPOINT WARNING * * *
You are too injured to fight recklessly!
You are too injured to fight recklessly!
You are too injured to fight recklessly!
You sock the yak!
The yak is heavily wounded.
You thump the yak!
The yak is severely wounded.
The yak is severely wounded.
The yak gores you!
You die...

################
#<.#..'..#.)'..#
#..)).#@Y'..#..+
#..#####'#####'#
#..# #..# #(#
#..#__#### ##.#
#..#_____##+#_.+
#⌠⌠#_.∩...'..._#
####_..__##_.#+#
___ ##+# #


You could see a yak.

Vanquished Creatures
  Sigmund (D)
  An ogre (D)
  A jelly (D)
  Ijyb (D)
4 creatures vanquished.

Notes
Turn   | Place    | Note
-------+----------+-------------------------------------------
     0 | D        | Infinimo the Kobold Berserker began the quest for the Orb.
     0 | D        | Reached XP level 1. HP: 14/14 MP: 1/1
     1 | D        | Noticed Ijyb
    16 | D        | Killed Ijyb
    16 | D        | Reached XP level 2. HP: 20/20 MP: 2/2
    16 | D        | Reached XP level 3. HP: 24/24 MP: 3/3
    52 | D        | Noticed an ogre
    64 | D        | Killed an ogre
    64 | D        | Reached skill level 5 in Fighting
    64 | D        | Reached skill level 5 in Dodging
    64 | D        | Reached XP level 4. HP: 10/32 MP: 4/4
    64 | D        | Reached XP level 5. HP: 11/36 MP: 5/5
   302 | D        | Noticed Sigmund
   311 | D        | Killed Sigmund
   311 | D        | Reached ** piety under Trog
   311 | D        | Reached XP level 6. HP: 37/44 MP: 6/6
   447 | D        | Found a deep blue altar of Sif Muna.
   448 | D        | Found an ornate altar of the Wu Jian Council.
   449 | D        | Found a radiant altar of Vehumet.
   497 | D        | Found Oliqaf's Food Emporium.
   497 | D        | Found an ancient bone altar of Kikubaaqudgha.
   497 | D        | Found a hazy altar of Hepliaklqana.
   497 | D        | Found a stormy altar of Qazlal.
   497 | D        | Found a hide-covered altar of Uskayaw.
   497 | D        | Found a blossoming altar of Fedhas.
   497 | D        | Found a bloodstained altar of Trog.
   497 | D        | Found an iron altar of Okawaru.
   497 | D        | Found a basalt altar of Yredelemnul.
   497 | D        | Found a glowing golden altar of the Shining One.
   497 | D        | Found a snail-covered altar of Cheibriados.
   497 | D        | Found a sacrificial altar of Ru.
   497 | D        | Found a glowing silver altar of Zin.
   497 | D        | Found a shadowy altar of Dithmenos.
   497 | D        | Found a white marble altar of Elyvilon.
   497 | D        | Noticed a yak
   521 | D        | Slain by a yak

Skill      XL: |  1  2  3  4  5  6 |
---------------+-------------------+-----
Fighting       | 4 5 7 |  7.7
Maces & Flails | 4 6 8 |  8.8
Dodging        | 4 5 7 8 |  8.0
Armour         | |  1.5

Action                   |  1- 3 |  4- 6 || total
-------------------------+-------+-------++-------
Melee: Mace              |    18 |    18 ||    36
Invok: Berserk           |     2 |     3 ||     5
  Eat: Chunk             |     1 |       ||     1
       Ration            |       |     1 ||     1
Armor: Animal skin       |       |     1 ||     1
Dodge: Dodged            |     9 |     8 ||    17
